 Dungeon Crawl Stone Soup version 0.29.1-12-g30fa7ad0bf (webtiles) character file.

Game seed: 8576648775984878931

37 Gabide the Trooper (level 3, 0/29 HPs)
             Began as a Mummy Berserker on Dec 21, 2022.
             Was a Follower of Trog.
             Slain by Terence
             ... wielding a +0 flail
              (3 damage)
             ... on level 2 of the Dungeon.
             The game lasted 00:01:11 (1251 turns).

Gabide the Trooper (Mummy Berserker)                Turns: 1251, Time: 00:01:12

Health: 0/29       AC: 10    Str: 22    XL:     3   Next: 23%
Magic:  3/3        EV:  6    Int:  6    God:    Trog [*.....]
Gold:   66         SH:  0    Dex: 11    Spells: 2/2 levels left

rFire   x . .      SeeInvis .     - Unarmed
rCold   + . .      Faith    .   (no shield)
rNeg    + + +      Spirit   .   e - +0 plate armour
rPois   ∞          Reflect  .   (no helmet)
rElec   .          Harm     .   (no cloak)
rCorr   .          Rampage  .   (no gloves)
Will    .....                   (no boots)
Stlth   ..........              (no amulet)
HPRegen 0.09/turn               (no ring)
MPRegen 0.08/turn               (no ring)

@: no status effects
A: cold resistance 1, negative energy resistance 3, torment resistance 2, heat
vulnerability 1, in touch with death 1, no potions
a: Renounce Religion


You were on level 2 of the Dungeon.
You worshipped Trog.
Trog was aware of your devotion.
You visited 1 branch of the dungeon, and saw 2 of its levels.

You collected 66 gold pieces.

Inventory:

Missiles
 c - a poisoned dart (quivered)
Armour
 b - a +0 scale mail
 e - a +0 plate armour (worn)
Scrolls
 a - a scroll of identify {unknown}
 d - a scroll of brand weapon {unknown}


   Skills:
 * Level 3.6 Fighting
 - Level 1.5 Armour
 + Level 1.9 Dodging
 * Level 2.9 Unarmed Combat


You had 2 spell levels left.
You didn't know any spells.
Your spell library was empty.

Dungeon Overview and Level Annotations

Branches:
Dungeon (2/15)

Altars:

Annotations:
D:2 Terence


Innate Abilities, Weirdness & Mutations

You are immune to poison.
Your flesh is cold resistant. (rC+)
You are immune to negative energy. (rN+++)
You are immune to unholy pain and torment.
You are vulnerable to heat. (rF-)
You are in touch with the powers of death.
You do not drink.


Message History

You are too injured to fight recklessly!
You are too injured to fight recklessly!
You are too injured to fight recklessly!
You are too injured to fight recklessly!
You are too injured to fight recklessly!
You are too injured to fight recklessly!
You are too injured to fight recklessly!
You are too injured to fight recklessly!
You are too injured to fight recklessly!
You hit Terence but do no damage.
Terence is lightly wounded.
Terence hits you with a +0 flail.
You hit Terence but do no damage.
Terence is lightly wounded.
Terence barely misses you.
You completely miss Terence.
Terence is lightly wounded.
Terence hits you with a +0 flail!
* * * LOW HITPOINT WARNING * * *
Press: ? - help, v - describe, . - travel
Here: Terence, wielding a +0 flail and wearing a +2 scale mail of cold resistance (lightly wounded)
The floor.
Unknown command.
Okay, then.
Unknown command.
Terence attacks as you move away! Terence hits you with a +0 flail.
* * * LOW HITPOINT WARNING * * *
Throw: 3 darts (poison)
Press: ? - help, Q - select action Shift-Dir - straight line, f - Terence
Aim: Terence, wielding a +0 flail and wearing a +2 scale mail of cold resistance (lightly wounded, 60% to hit)
You throw a poisoned dart. The poisoned dart hits Terence.
Terence is lightly wounded.
Terence hits you but does no damage.
Throw: 2 darts (poison)
Press: ? - help, Q - select action Shift-Dir - straight line, f/p - Terence
Aim: Terence, wielding a +0 flail and wearing a +2 scale mail of cold resistance (lightly wounded, 60% to hit)
You throw a poisoned dart.
The poisoned dart closely misses Terence.
Terence hits you with a +0 flail.
You die...

.. .#.# #.#.#
##.#.#.#... #.#.#
#.........#####.#.###
##.#.#.#.............
##.................###
#.#.#.#.#..#####...#
#.).......# ###...#
##.#.#.#..###.....#
#(.@@....†........###
#.#.#.#.#.............
#.>..)...#####.###.###
#.#.#.#.## #.# #.#
#........# #.# .#
#.#[#.#.#.. ..# .#
..../........ ...
#...#.#.#.# ###...
#.#. .....


You could see Terence.

Vanquished Creatures
  An adder (D:2)
  4 ball pythons (D:1)
  4 bats (D:1)
  A giant cockroach (D:1)
  2 goblins (D:1)
  4 hobgoblins
  A jackal (D:1)
  3 quokkas (D:1)
  2 kobolds
  3 rats (D:1)
25 creatures vanquished.

Vanquished Creatures (others)
  A fungus (D:1)
1 creature vanquished.

Grand Total: 26 creatures vanquished

Notes
Turn   | Place    | Note
-------+----------+-------------------------------------------
     0 | D:1      | Gabide the Mummy Berserker began the quest for the Orb.
     0 | D:1      | Reached XP level 1. HP: 18/18 MP: 1/1
   197 | D:1      | Reached XP level 2. HP: 24/24 MP: 2/2
   287 | D:1      | Found a faded altar of an unknown god.
  1181 | D:2      | Gained mutation: You are in touch with the powers of death.
                  | [Mummy growth]
  1181 | D:2      | Reached XP level 3. HP: 25/29 MP: 3/3
  1235 | D:2      | Noticed Terence
  1251 | D:2      | Slain by Terence

Illustrated notes

Levels and vault maps discovered:
D:1:      dpeg_arrival_brainrot, layout_basic,
          shapermc_ecumenical_altar_rom_forum, serial_forest,
          infiniplex_forest_lined_corner, infiniplex_forest_straight_2,
          infiniplex_forest_zigzag_1, infiniplex_forest_zigzag_1,
          infiniplex_forest_straight_1, infiniplex_forest_lined_2,
          infiniplex_forest_diagonal, infiniplex_forest_fountain,
          infiniplex_forest_clump_long, infiniplex_forest_straight_3
D:2:      minmay_razor_zed, layout_loops_ring, st_stairs_12, uniq_terence

Action                   || total
-------------------------++-------
Melee: Unarmed           ||   129
       Punch             ||     3
Throw: Dart              ||     4
Armor: Scale mail        ||    17
       Plate armour      ||    72
Dodge: Dodged            ||    53
